 Dungeon Crawl Stone Soup version 0.30-a0-1094-g860fb061e7 (webtiles) character file.

Game seed: 17097886615605292809

37 Dittersdorf the Covered (level 3, -1/24 HPs)
             Began as a Gargoyle Fighter on Apr 17, 2023.
             Killed from afar by Natasha (6 damage)
             ... with a magic dart
             ... on level 2 of the Dungeon.
             The game lasted 00:01:23 (923 turns).

Dittersdorf the Covered (Gargoyle Fighter)           Turns: 923, Time: 00:01:23

Health: -1/24      AC: 10    Str: 27    XL:     3   Next: 41%
Magic:  3/3        EV:  9    Int:  8    God:
Gold:   80         SH:  4    Dex:  9    Spells: 2/2 levels left

rFire   . . .      SeeInvis .    a - +0 flail
rCold   . . .      Faith    .    c - +0 buckler
rNeg    + . .      Spirit   .    b - +0 scale mail
rPois   ∞          Reflect  .    (no helmet)
rElec   +          Rampage  .    (no cloak)
rCorr   .                        (no gloves)
Will    .....                    (no boots) Stlth
                                 (no amulet)
HPRegen 0.24/turn                h - +6 ring of strength
MPRegen 0.08/turn                (no ring)

@: slowed, very slow
A: sickness immunity, AC +3, negative energy resistance 1, electricity
resistance, torment resistance 1, petrification resistance
a: no special abilities


You were on level 2 of the Dungeon.
You visited 1 branch of the dungeon, and saw 2 of its levels.

You collected 80 gold pieces.

Inventory:

Hand Weapons
 a - a +0 flail (weapon)
Missiles
 k - 2 poisoned darts (quivered)
Armour
 b - a +0 scale mail (worn)
 c - a +0 buckler (worn)
Jewellery
 h - a +6 ring of strength (left hand)
Scrolls
 f - 2 scrolls of enchant weapon {unknown}
 i - 6 scrolls of identify {unknown}
 j - a scroll of teleportation {unknown}
 l - a scroll of blinking {unknown}
 m - a scroll of summoning {unknown}
 n - 2 scrolls of vulnerability {unknown}
Potions
 d - 2 potions of might
 e - a potion of curing {unknown}
 g - 2 potions of heal wounds {unknown}
 o - a potion of magic {unknown}


   Skills:
 + Level 3.7 Fighting
 + Level 2.5 Maces & Flails
 + Level 3.7 Armour
 + Level 3.7 Shields


You had 2 spell levels left.
You didn't know any spells.
Your spell library was empty.

Dungeon Overview and Level Annotations

Branches:
Dungeon (2/15)

Altars:
Xom

Shops:
D:2 ?

Annotations:
D:2 Natasha


Innate Abilities, Weirdness & Mutations

You are immune to sickness and miasma.
Your stone body is resilient. (AC +3)
You are immune to poison.
You resist negative energy. (rN+)
You are resistant to electric shocks. (rElec)
You are resistant to unholy torment.
You are immune to petrification.


Message History

You are too injured to fight recklessly!
You are too injured to fight recklessly!
You are too injured to fight recklessly!
You are too injured to fight recklessly!
Natasha attacks as you move away! Natasha claws you but does no damage.
You block the jackal's attack.
Natasha mumbles some strange words.
The frilled lizard bites you but does no damage.
An endoplasm comes into view.
The goblin barely misses you. You block the jackal's attack.
The jackal completely misses you. You block the cerulean imp's attack.
The goblin barely misses you. The frilled lizard barely misses you.
The endoplasm moves out of view.
The goblin attacks as you move away! The goblin barely misses you.
The jackal attacks as you move away! The jackal closely misses you.
The frilled lizard attacks as you move away!
The frilled lizard bites you but does no damage.
You block the jackal's attack. The jackal barely misses you.
The cerulean imp barely misses you. The jackal barely misses you.
The frilled lizard attacks as you move away!
The frilled lizard bites you but does no damage.
The jackal bites you but does no damage.
The cerulean imp completely misses you. The goblin hits you but does no damage.
The jackal closely misses you. The hobgoblin barely misses you.
You see here a coppery potion.
The hobgoblin attacks as you move away! The hobgoblin hits you.
The jackal attacks as you move away! The jackal bites you.
* * * LOW HITPOINT WARNING * * *
You block the jackal's attack. The jackal barely misses you.
The jackal bites you but does no damage.
The jackal barely misses you.
The cerulean imp hits you from afar with a +1 spear.
* * * LOW HITPOINT WARNING * * *
The jackal attacks as you move away! You block the jackal's attack.
The jackal bites you but does no damage.
The jackal attacks as you move away!
The jackal bites you but does no damage.
Natasha casts a spell at you. The magic dart hits you.
You die...

.................#.........#
......#.#........#.........#
....†.#...............!....#
...#.(...........g........##
.....##.#.......h#g.5......# #
.#....#..........#5g.$.....# .#
.###.....###.##..#hl....>..# .#
.###.....#.......hh........##..#
.........#......@.l...........#
.#####...........#.........### .#
#....##.......#........#######
.###.#####...................#...
.....#..........###...)..........
.......###......# #......##....>.
................# #..##..##......
..######....##### #..##..........
.......#.##..######....∩.†.......


You could see Natasha, 2 cerulean imps, 3 jackals, a hobgoblin, a goblin and 2
frilled lizards.

Vanquished Creatures
  A dart slug (D:1)
  4 ball pythons
  5 bats
  4 endoplasms
  A giant cockroach (D:1)
  4 goblins
  2 hobgoblins (D:2)
  A quokka (D:2)
  3 frilled lizards
  2 kobolds
  7 rats (D:1)
34 creatures vanquished.

Notes
Turn   | Place    | Note
-------+----------+-------------------------------------------
     0 | D:1      | Dittersdorf the Gargoyle Fighter began the quest for the
                  | Orb.
     0 | D:1      | Reached XP level 1. HP: 14/14 MP: 1/1
   206 | D:1      | Reached XP level 2. HP: 19/19 MP: 2/2
   705 | D:2      | Reached XP level 3. HP: 22/23 MP: 3/3
   812 | D:2      | Found a shimmering altar of Xom.
   826 | D:2      | Found Utyge's Magic Scroll Shoppe.
   909 | D:2      | Noticed Natasha
   923 | D:2      | Killed from afar by Natasha

Illustrated notes

Levels and vault maps discovered:
D:1:      dpeg_arrival_orchard, layout_basic, st_stairs_13
D:2:      layout_rooms, basic_altar, serial_shops, nicolae_square_shop,
          uniq_natasha

Action                     || total
---------------------------++-------
  Melee: Flail             ||   109
 Armour: Scale mail        ||    89
  Dodge: Dodged            ||    74
  Block: Buckler           ||    36

Table legend: (Time is in decaauts)
 A = Elapsed time spent in this place.
 B = Non-inter-level travel time spent in this place.
 C = Inter-level travel time spent in this place.
 D = Time resting spent in this place.
 E = Time spent auto-exploring this place.
 F = Levels seen in this place.
 G = Mean time per level.
                   A        B        C        D        E       F      G
               +--------+--------+--------+--------+--------+-----+--------+
         Total |    960 |    917 |     43 |     35 |    596 |   2 |  480.0 |
       Dungeon |    960 |    917 |     43 |     35 |    596 |   2 |  480.0 |
               +--------+--------+--------+--------+--------+-----+--------+

Top non-repeatable levels by time:
     D:1: 719 daAuts
     D:2: 240 daAuts
